 Dungeon Crawl Stone Soup version 0.23-b1-70-gd12f7cf (webtiles) character file.

Game seed: 13493200884193362057

67 Folque the Digger (level 3, 0/29 HPs)
             Began as a Draconian Earth Elementalist on Feb 6, 2019.
             Slain by an orc
             ... wielding a +0 short sword
              (4 damage)
             ... on level 3 of the Dungeon.
             The game lasted 00:03:52 (1791 turns).

Folque the Digger (Draconian Earth Elementalist)    Turns: 1791, Time: 00:03:53

Health: 0/29       AC:  5    Str: 10    XL:     3   Next: 98%
Magic:  0/7        EV: 17    Int: 21    God:
Gold:   102        SH:  0    Dex: 16    Spells: 2/8 levels left

rFire    . . .     SeeInvis .   d - +0 dagger
rCold    . . .     Gourm    .   (no shield)
rNeg     . . .     Faith    .   (armour unavailable)
rPois    .         Spirit   .   (helmet restricted)
rElec    .         Reflect  .   (no cloak)
rCorr    .         Harm     .   (no gloves)
MR       .....                  (no boots)
Stlth    +++.......             (no amulet)
HPRegen  0.09/turn              (no ring)
MPRegen  0.10/turn              (no ring)

@: brilliant, agile, lethally poisoned (0 -> -2)
A: unfitting armour, cold-blooded, AC +5
a: no special abilities


You were on level 3 of the Dungeon.
You were not hungry.

You visited 1 branch of the dungeon, and saw 3 of its levels.

You collected 102 gold pieces.

Inventory:

Hand Weapons
 d - a +0 dagger (weapon)
Missiles
 b - 41 stones (quivered)
 s - 2 javelins
Armour
 g - a +1 hat
Wands
 m - a wand of acid (9)
Scrolls
 f - 5 scrolls of identify {unknown}
 h - a scroll of magic mapping {unknown}
 l - a scroll of remove curse {unknown}
 n - a scroll of immolation {unknown}
 r - a scroll of enchant weapon {unknown}
Potions
 a - a potion of cancellation {unknown}
 e - a potion of brilliance
 i - a potion of ambrosia {unknown}
 j - 3 potions of curing {unknown}
 k - a potion of mutation {unknown}
 o - 2 potions of agility
 p - a potion of flight {unknown}
 q - a potion of heal wounds {unknown}
Comestibles
 c - 3 rations
 t - 5 chunks of flesh


   Skills:
 - Level 2.0 Fighting
 - Level 1.7 Dodging
 - Level 1.7 Stealth
 * Level 3.0 Spellcasting
 - Level 1.0 Transmutations
 + Level 3.5 Earth Magic


You had 2 spell levels left.
You knew the following spells:

 Your Spells              Type           Power        Failure   Level  Hunger
a - Sandblast             Erth           ####..       1%          1    None
b - Passwall              Tmut/Erth      ####....     1%          2    ##.....
c - Stone Arrow           Conj/Erth      ###...       2%          3    ###....

Your spell library contained the following spells:

 Spells                   Type           Power        Failure   Level  Hunger
 Petrify                  Tmut/Erth      ####....     6%          4    ####...
 Lee's Rapid Deconstruct  Erth           ####......   10%         5    ######.


Dungeon Overview and Level Annotations

Branches:
Dungeon (3/15)

Altars:
Xom


Innate Abilities, Weirdness & Mutations

Your plain brown scales are hard. (AC +5)
You cannot fit into any form of body armour.
You are cold-blooded and may be slowed by cold attacks.


Message History

You hit the orc but do no damage.
The orc is moderately wounded.
The orc hits you with a +0 short sword.
* * * LOW HITPOINT WARNING * * *
It was a potion of agility.
You feel agile all of a sudden. The orc misses you.
It was a potion of brilliance.
You feel clever all of a sudden. The orc barely misses you.
Casting: Sandblast (safe; 1% risk of failure)
Confirm with . or Enter, or press ? or * to list all spells.
Aiming: Sandblast (safe; 1% risk of failure)
Press: ? - help, Shift-Dir - straight line, f/p - orc
Aim: an orc, wielding a +0 short sword and wearing a +0 chain mail (moderately wounded)
The blast of sand hits the orc but does no damage.
The orc is moderately wounded.
b - 41 stones You feel sick.
The orc hits you with a +0 short sword.
You die...

#.##########'#........####.....
.......>.......................
######.####.#....###.....#####
#.# #.#....# #.....# #.#
#.#....# #.....# #.####......#
#.....# #รท#....###### #######
#('(...#.# #####(.(..@#
#..).....#.o.# #.###.)..#...#
#.# ####...#... #.# #.#.#.#...
#.# ########## #.# #.# #.#


You could see an orc.

Vanquished Creatures
  3 adders (D:2)
  An ooze (D:2)
  A worm (D:2)
  A dart slug (D:2)
  An orc (D:3)
  2 giant cockroaches
  A hobgoblin (D:2)
  11 jackals
  4 kobolds
  A bat (D:2)
  A frilled lizard (D:3)
  3 rats
30 creatures vanquished.

Notes
Turn   | Place    | Note
-------+----------+-------------------------------------------
     0 | D:1      | Folque the Draconian Earth Elementalist began the quest for
                  | the Orb.
     0 | D:1      | Reached XP level 1. HP: 14/14 MP: 3/3
   537 | D:2      | Reached skill level 1 in Fighting
   537 | D:2      | Reached XP level 2. HP: 23/23 MP: 3/5
  1024 | D:2      | Found a shimmering altar of Xom.
  1033 | D:2      | Learned a level 2 spell: Passwall
  1077 | D:2      | Reached XP level 3. HP: 29/29 MP: 3/6
  1350 | D:2      | Learned a level 3 spell: Stone Arrow
  1791 | D:3      | Slain by an orc

Skill      XL: |  1  2  3 |
---------------+----------+-----
Fighting       | 1 2 |  2.0
Spellcasting   | 3 |  3.0
Dodging        | |  1.7
Stealth        | |  1.7
Transmutations | |  1.0
Earth Magic    | |  3.5

Action                   || total
-------------------------++-------
Melee: Dagger            ||   159
       Tailslap          ||    15
 Cast: Sandblast         ||    19
       Stone Arrow       ||     4
  Use: Potion            ||     2
 Stab: Sleeping          ||     3
  Eat: Chunk             ||     4
Armor: Skin              ||    62
Dodge: Dodged            ||   119
